 Dungeon Crawl Stone Soup version 0.27.1-1-g398f81649c (webtiles) character file.

Game seed: 17547012362984274816

23524 FreshCat the Ripper (level 12, -6/52 HPs)
             Began as a Felid Berserker on Aug 28, 2021.
             Was an Elder of Trog.
             Killed by divine providence
             ... invoked by a meliai
              (10 damage)
             ... on level 13 of the Dungeon on Sept 9, 2021.
             The game lasted 01:54:12 (28602 turns).

FreshCat the Ripper (Felid Berserker)              Turns: 28602, Time: 01:54:13

Health: -6/52      AC:  3    Str: 16    XL:     12   Next: 72%
Magic:  13/13      EV: 25    Int: 10    God:    Trog [****..]
Gold:   1202       SH:  0    Dex: 16    Spells: 11/11 levels left
                                        Lives:  0   Deaths: 3

rFire    + . .     SeeInvis +     - Unarmed
rCold    . . .     Faith    .   (shield unavailable)
rNeg     . . .     Spirit   .   (armour unavailable)
rPois    .         Reflect  .   (helmet unavailable)
rElec    .         Harm     .   (cloak unavailable)
rCorr    .         Rampage  .   (gloves unavailable)
Will     ++++.                  (boots unavailable)
Stlth    ++++++....             (no amulet)
HPRegen  1.17/turn              B - ring of willpower
MPRegen  0.13/turn              i - ring of fire

@: lethally poisoned (-6 -> -8), strong-willed, on berserk cooldown,
regenerating, slowed, studying Unarmed Combat, slow
A: very small, claws 1, fangs 3, see invisible, speed 1, shaggy fur 3, stealthy
paws, no weapons or thrown items, no armour, multi-lived
a: Renounce Religion, Berserk, Trog's Hand, Brothers in Arms


You were on level 13 of the Dungeon.
You worshipped Trog.
Trog was greatly pleased with you.
You visited 3 branches of the dungeon, and saw 22 of its levels.

You collected 1202 gold pieces.

Inventory:

Jewellery
 b - a ring of ice
 i - a ring of fire (right paw)
 x - an amulet of magic regeneration
 B - a ring of willpower (left paw)
 C - a ring of resist corrosion
Wands
 a - a wand of iceblast (6)
 h - a wand of acid (1)
 k - a wand of flame (36) (quivered)
 l - a wand of polymorph (11)
 p - a wand of paralysis (9)
 q - a wand of charming (2)
 y - a wand of digging (9)
Scrolls
 m - 4 scrolls of amnesia
 n - 7 scrolls of teleportation
 r - a scroll of silence
 s - 2 scrolls of immolation
 t - 2 scrolls of fear
 v - a scroll of noise
 z - a scroll of torment
 D - a scroll of identify
Potions
 c - 2 potions of ambrosia
 d - 2 potions of invisibility
 e - 2 potions of attraction
 f - 7 potions of curing
 g - a potion of heal wounds
 j - 2 potions of brilliance
 o - a potion of haste
 u - 2 potions of lignification
 w - a potion of flight {unknown}
 A - a potion of cancellation


   Skills:
 + Level 5.8 Fighting
 + Level 12.0 Dodging
 * Level 16.0 Stealth
 + Level 16.4 Unarmed Combat
 + Level 4.5 Evocations


You had 11 spell levels left.
You didn't know any spells.
Your spell library was empty.

Dungeon Overview and Level Annotations

Branches:
Dungeon (15/15)            Temple (0/1) D:4            Lair (6/6) D:8
 Shoals (0/4) Lair:3       Spider (0/4) Lair:4        Slime (0/5) Lair:5
    Orc (1/2) D:9
 Vaults: D:13-14     Depths: D:15

Altars:
Ashenzari
Cheibriados
Dithmenos
Elyvilon
Fedhas
Hepliaklqana
Qazlal
Ru
Sif Muna
Yredelemnul
Zin
The Shining One
Jiyva

Shops:
D:1 [   D:13 [

Annotations:
D:2 exclusion: downstairs, Robin
D:5 3 runed translucent doors, exclusion: downstairs, H0rd4k's ghost, novice BaSu
D:7 exclusion: 2 orc wizards
D:10 exclusions: gargoyle and two-headed ogre, Erolcha
D:11 exclusions: troll, ugly thing and 2 upstairs
D:12 exclusion: cyclops, Jorgrun
D:13 exclusions: death knight, 2 downstairs, hydra and upstairs
D:14 1 transporter, exclusions: hydra and 4 ugly things
Lair:1 exclusion: downstairs
Lair:2 2 transporters, exclusion: hydra
Lair:3 exclusion: oklob plant
Lair:4 exclusion: upstairs
Lair:5 3 runed translucent doors, exclusions: 2 downstairs and 3 electric eels, Ruewk's ghost, journeyman CeAM
Orc:1 Snorg


Innate Abilities, Weirdness & Mutations

You have sharp claws.
You have razor-sharp teeth.
You have supernaturally acute eyesight. (SInv)
You cover ground quickly. (Speed+)
Your thick and shaggy fur keeps you warm. (AC +3, rC+)
Your paws help you pounce on unaware monsters.
You are incapable of wielding weapons or throwing items.
You cannot wear armour.
You gain extra lives every three experience levels.


Message History

You barely miss the killer bee. You claw the killer bee.
You kill the killer bee!
Trog accepts your kill.
You feel sick.
You miss the killer bee.
You feel sick. The killer bee completely misses you.
You mangle the killer bee!!
You kill the killer bee!
Trog accepts your kill.
A meliai comes into view. It is wielding a +0 hand axe.
You barely miss the killer bee. The killer bee completely misses you.
You hear an angry buzzing noise.
You miss the killer bee.
You feel sick. The killer bee stings you!
You are more poisoned.
The killer bee poisons you!
You hear an angry buzzing noise.
You are too injured to fight recklessly!
You are too injured to fight recklessly!
You barely miss the killer bee. Your bite misses the killer bee.
You feel sick.
The killer bee rages.
The killer bee completely misses you.
The meliai mumbles some strange prayers to its god against you.
Something smites you!
* * * LOW HITPOINT WARNING * * *
The killer bee buzzes angrily.
You hear an angry buzzing noise.
You are too berserk!
You miss the killer bee.
You feel sick. The killer bee completely misses you.
The meliai calls down the wrath of its god upon you.
Something smites you!
* * * LOW HITPOINT WARNING * * *
You feel sick.
There is an open door here.
You feel a strong urge to attack something.
You feel sick.
You are no longer berserk.
You are exhausted.
You feel yourself slow down.
You feel sick.
The killer bee rages.
The meliai invokes the aid of its god against you.
Something smites you!
You die...

§≈≈≈≈≈.#
#..####.# #.
§≈≈≈≈..#
##.## #.# #.
≈......#
#..# #.# #.
...(..##
##.#
#.###### #.
......#
#.###.##...#
#. ......#
#..##.##...#
#. ......#
##.##'##...#
#. #######
#.........#
#.
##..@.....#
###.
#..y...###
pW#.
#.#'####
#.## #.#y#
#.
#.#y######
#W
#.#.y....#
##.##
###..yyy...#
+....
#....y.y...#
##.##
#....>....##
#...


You could see a queen bee, 2 meliai and 4 killer bees.

Vanquished Creatures
  Fannar (Orc:1)
  5 hydras
  A two-headed ogre (D:12)
  4 death yaks (Lair:5)
  Nergalle (Lair:4)
  A deep elf pyromancer (D:14)
  An ugly thing (D:13)
  3 cyclopes
  A merfolk siren (Lair:3)
  6 cane toads
  9 komodo dragons
  3 unseen horrors
  3 rime drakes
  2 trolls
  4 polar bears
  Grinder (D:6)
  A meliai zombie (D:11)
  6 dream sheep (Lair:4)
  11 blink frogs
  3 shadows
  A wyvern (Lair:4)
  23 yaks
  A vampire (D:11)
  A wraith (D:12)
  Eustachio (D:6)
  3 steam dragons
  4 vampire mosquitoes (D:12)
  Edmund (D:6)
  3 acid dragons
  9 water moccasins
  A hornet zombie (D:5)
  An ice beast (D:7)
  A black bear (Lair:2)
  3 orc warriors
  2 sky beasts
  An ogre (D:9)
  A necrophage (D:6)
  2 centaurs
  4 kobold brigands
  12 bullfrogs
  7 scorpions
  2 gnoll sergeants
  12 killer bees
  An electric eel (Lair:5)
  11 wights
  9 howler monkeys
  A centaur zombie (D:7)
  Crazy Yiuf (D:3)
  A bullfrog zombie (D:7)
  2 centaur skeletons
  4 hounds
  A jelly (D:6)
  4 orc priests
  A gnoll shaman (D:6)
  8 orc wizards
  Jessica (D:3)
  Terence (D:3)
  9 iguanas
  A killer bee zombie (D:6)
  2 howler monkey zombies
  20 gnolls
  4 adders
  A white imp (D:8)
  2 worms
  A dart slug (D:3)
  35 orcs
  7 ball pythons
  3 bats (D:1)
  8 endoplasms
  14 giant cockroaches
  11 goblins
  7 hobgoblins
  2 quokkas (D:1)
  22 frilled lizards
  19 kobolds
  2 rats
379 creatures vanquished.

Vanquished Creatures (collateral kills)
  A rime drake (Lair:4)
  A basilisk (Lair:3)
  A wraith (D:14)
  An ogre (shapeshifter) (D:14)
  2 killer bees (D:10)
  An orc wizard (D:6)
  A gnoll (D:10)
8 creatures vanquished.

Vanquished Creatures (others)
  A yak (D:9)
  A gnoll sergeant (D:10)
  3 wights (D:8)
  3 gnolls (D:8)
  8 fungi
  19 plants
35 creatures vanquished.

Grand Total: 422 creatures vanquished

Notes
Turn   | Place    | Note
-------+----------+-------------------------------------------
     0 | D:1      | FreshCat the Felid Berserker began the quest for the Orb.
     0 | D:1      | Reached XP level 1. HP: 10/10 MP: 2/2
   190 | D:1      | Reached XP level 2. HP: 14/14 MP: 3/3
   935 | D:1      | Found Kisarypp's Antique Armour Boutique.
  1196 | D:1      | Reached XP level 3. HP: 15/17 MP: 4/4
  1201 | D:2      | Noticed Robin
  1347 | D:1      | Reached skill level 5 in Dodging
  1837 | D:2      | Reached skill level 1 in Stealth
  1837 | D:2      | Reached ** piety under Trog
  1880 | D:2      | Found a broken altar of Ashenzari.
  1901 | D:3      | Noticed Terence
  2208 | D:3      | Noticed Jessica
  3062 | D:3      | Killed Terence
  3063 | D:3      | Reached XP level 4. HP: 21/21 MP: 5/5
  3120 | D:3      | Killed Jessica
  3577 | D:4      | Noticed a bullfrog
  3586 | D:4      | Killed a bullfrog
  3587 | D:4      | Reached XP level 5. HP: 18/24 MP: 6/6
  3686 | D:3      | Found a faded altar of an unknown god.
  3730 | D:4      | Found a staircase to the Ecumenical Temple.
  3762 | D:3      | Found a hazy altar of Hepliaklqana.
  3858 | D:3      | Found a runed translucent door.
  3859 | D:3      | Noticed Crazy Yiuf
  4031 | D:5      | Entered Level 5 of the Dungeon
  4045 | D:5      | Reached skill level 5 in Unarmed Combat
  4168 | D:5      | Gained mutation: You are covered in thick fur. (AC +2)
                  | [Felid growth]
  4168 | D:5      | Reached XP level 6. HP: 12/28 MP: 7/7
  4612 | D:5      | Found a runed translucent gate.
  4612 | D:5      | Found a runed translucent gate.
  4612 | D:5      | Found a runed translucent gate.
  4612 | D:5      | Noticed H0rd4k's ghost (novice BaSu)
  5061 | D:4      | Found a stormy altar of Qazlal.
  5078 | D:4      | Reached *** piety under Trog
  5783 | D:5      | Identified the +8 hunting sling "Vulunox" {freeze, rF+
                  | Str+2 Int-3 Dex+2}
  5817 | D:5      | Reached XP level 7. HP: 18/31 MP: 8/8
  6377 | D:5      | Found a white marble altar of Elyvilon.
  6737 | D:6      | Noticed Eustachio
  6740 | D:6      | Noticed Grinder
  7325 | D:7      | Reached XP level 8. HP: 36/36 MP: 9/9
  7360 | D:8      | Succumbed to a gnoll sergeant's poison
  7361 | D:8      | Reached XP level 7. HP: -1/31 MP: 8/8
  7615 | D:7      | Reached skill level 5 in Stealth
  7619 | D:7      | Found a shimmering blue altar of Sif Muna.
  8076 | D:7      | Found a sacrificial altar of Ru.
  8184 | D:7      | Slain by a gnoll sergeant
  8185 | D:7      | Reached XP level 6. HP: -2/28 MP: 7/7
  8231 | D:8      | Found a glowing silver altar of Zin.
  8284 | D:8      | Noticed a sky beast
  8430 | D:8      | Found a staircase to the Lair.
  8445 | D:8      | Noticed a water moccasin
  8453 | D:8      | Noticed a steam dragon
  8459 | D:8      | Killed a steam dragon
  8460 | D:8      | Reached skill level 1 in Evocations
  8460 | D:8      | Reached XP level 7. HP: 32/32 MP: 8/8
  8765 | D:8      | Upgraded the game from 0.27.1 to 0.27.1-1-g398f81649c
  9167 | D:8      | Found a shadowy altar of Dithmenos.
  9892 | D:8      | Reached XP level 8. HP: 36/36 MP: 9/9
 10401 | D:9      | Reached skill level 10 in Unarmed Combat
 10436 | D:9      | Found a snail-covered altar of Cheibriados.
 11274 | D:9      | HP: 1/54 [yak (14)]
 11304 | D:9      | Reached XP level 9. HP: 35/39 MP: 10/10
 11373 | D:9      | Reached **** piety under Trog
 11565 | D:10     | Entered Level 10 of the Dungeon
 11570 | D:11     | Noticed a six-headed hydra
 11571 | D:11     | Killed a six-headed hydra
 11605 | D:10     | Noticed a two-headed ogre
 11659 | D:11     | Noticed a komodo dragon
 11732 | D:11     | Noticed a troll
 11819 | D:12     | Noticed Jorgrun
 11932 | D:12     | Noticed a cyclops
 12090 | D:11     | Noticed a white ugly thing
 12183 | D:11     | Reached skill level 5 in Fighting
 12269 | D:10     | Noticed Erolcha
 12281 | D:10     | Reached XP level 10. HP: 44/44 MP: 11/11
 12581 | D:10     | Noticed a gargoyle
 12672 | D:9      | Found a basalt altar of Yredelemnul.
 13530 | D:9      | Found a staircase to the Orcish Mines.
 15048 | D:10     | Found a glowing golden altar of the Shining One.
 15274 | D:11     | Reached skill level 10 in Dodging
 16650 | D:12     | Noticed an eight-headed hydra
 16655 | D:12     | Killed an eight-headed hydra
 16837 | D:12     | Noticed a two-headed ogre
 17169 | D:13     | Found Xajitt's Antique Armour Boutique.
 17190 | D:12     | Reached skill level 10 in Stealth
 17190 | D:12     | Reached XP level 11. HP: 48/48 MP: 12/12
 17739 | D:13     | Noticed an eight-headed hydra
 17746 | D:13     | Noticed a death knight
 18108 | D:15     | Entered Level 15 of the Dungeon
 18109 | D:15     | Noticed a centaur warrior
 18141 | D:14     | Noticed a deep elf pyromancer
 18143 | D:14     | Killed a deep elf pyromancer
 18315 | D:14     | Found a shadowy altar of Dithmenos.
 18324 | D:14     | Noticed a green ugly thing
 18324 | D:14     | Noticed a green ugly thing
 18325 | D:14     | Noticed a green ugly thing
 18325 | D:14     | Noticed a green ugly thing
 18353 | D:13     | Killed a green ugly thing
 18614 | D:14     | Noticed a five-headed hydra
 18622 | D:14     | Found a transporter.
 18912 | D:12     | Killed a two-headed ogre
 19792 | D:6      | Found a blossoming altar of Fedhas.
 19813 | D:6      | Noticed Edmund
 20105 | D:6      | Killed Eustachio
 20277 | D:6      | Killed Grinder
 20340 | D:6      | Killed Edmund
 20632 | D:3      | Killed Crazy Yiuf
 21011 | Lair:1   | Entered Level 1 of the Lair of Beasts
 21125 | Lair:2   | Found a transporter.
 21128 | Lair:2   | Noticed a five-headed hydra
 22526 | Lair:2   | Gained mutation: Your thick and shaggy fur keeps you warm.
                  | (AC +3, rC+) [Felid growth]
 22526 | Lair:2   | Reached XP level 12. HP: 52/52 MP: 13/13
 22557 | Lair:2   | Reached ***** piety under Trog
 22716 | Lair:2   | HP: 1/52 [cane toad (18)]
 23249 | Lair:2   | Found a transporter.
 23301 | Lair:2   | Slain by a five-headed hydra
 23302 | Lair:2   | Reached XP level 11. HP: -1/48 MP: 12/12
 23781 | Lair:3   | Noticed an oklob plant
 23990 | Lair:4   | Noticed a seven-headed hydra
 24166 | Lair:4   | Noticed a death yak
 24167 | Lair:4   | Noticed a death yak
 24167 | Lair:4   | Noticed a death yak
 24438 | Lair:3   | Killed a seven-headed hydra
 24439 | Lair:3   | Reached skill level 15 in Unarmed Combat
 24775 | Lair:3   | Noticed a seven-headed hydra
 24780 | Lair:3   | Killed a seven-headed hydra
 25009 | Lair:3   | Found a staircase to the Shoals.
 25237 | Lair:3   | Identified a scroll of acquirement
 25239 | Lair:3   | Acquired a manual of Unarmed Combat
 25303 | Lair:4   | Noticed Nergalle
 25927 | Lair:4   | Reached XP level 12. HP: 52/52 MP: 13/13
 25944 | Lair:4   | Found a hole to the Spider Nest.
 26324 | Lair:4   | Noticed a six-headed hydra
 26356 | Lair:5   | Reached skill level 15 in Stealth
 26570 | Lair:5   | Found a runed translucent gate.
 26570 | Lair:5   | Found a runed translucent gate.
 26570 | Lair:5   | Found a runed translucent gate.
 26608 | Lair:5   | Noticed a quicksilver ooze
 26610 | Lair:5   | Noticed Ruewk's ghost (journeyman CeAM)
 26611 | Lair:5   | Noticed a quicksilver ooze
 26628 | Lair:5   | Noticed a death yak
 26631 | Lair:5   | Noticed a death yak
 26631 | Lair:5   | Noticed a death yak
 26631 | Lair:5   | Noticed a death yak
 26633 | Lair:5   | Killed a death yak
 26636 | Lair:5   | Killed a death yak
 26641 | Lair:5   | Killed a death yak
 26645 | Lair:5   | Killed a death yak
 26703 | Lair:6   | Entered Level 6 of the Lair of Beasts
 26852 | Lair:5   | Found a viscous altar of Jiyva.
 26900 | Lair:5   | Found a staircase to the Slime Pits.
 27686 | Lair:4   | Killed a six-headed hydra
 27889 | Lair:4   | Killed Nergalle
 28447 | Orc:1    | Entered Level 1 of the Orcish Mines
 28447 | Orc:1    | Noticed Snorg
 28447 | Orc:1    | Noticed Fannar
 28449 | Orc:1    | Killed Fannar
 28602 | D:13     | Killed from afar by a meliai

Illustrated notes

Levels and vault maps discovered:
D:1:      dpeg_arrival_arbitrary_a, layout_loops_corners, serial_shops,
          shop_fountains, serial_park_tiny_2, grunt_decor_junction,
          minmay_worlds_worst_comb
D:2:      layout_basic, basic_altar, uniq_robin
D:3:      layout_rooms, nicolae_overflow_crystal_walls,
          ebering_ecumenical_altar_rust, nicolae_underground_beach,
          uniq_jessica, uniq_crazy_yiuf_cottage, uniq_terence
D:4:      layout_basic, mainiacjoe_overflow_small_starburst,
          minmay_temple_entry_mini_moons
D:5:      layout_loops_ring, lemuel_tele_altar, gammafunk_ghost_split,
          gup_sewer_entry_glass, kennysheep_nondescript
D:6:      layout_gridville, fedhas_altar_2, kennysheep_generic_room_11,
          uniq_edmund, uniq_grinder, uniq_eustachio
D:7:      layout_loops_ring, led_sif_book, nicolae_ru_the_path_less_chosen
D:8:      layout_layer_cave, mainiacjoe_overflow_big_doors, dpeg_oklobed_lair,
          lemuel_flamethrower_2
D:9:      layout_basic, overflow_temple_1_default, yredelemnul_altar_generic,
          hiddenorc1_lemuel
D:10:     layout_rooms, old_standard_altar, uniq_erolcha
D:11:     layout_loops_ring, chequers_serial_rivers_micro_c
D:12:     layout_basic, uniq_jorgrun
D:13:     layout_basic, special_room [special_room_bee], serial_shops,
          nicolae_shop_stone, lemuel_old_faithful
D:14:     layout_cave_pools, david_vaults_5, nicolae_dithmenos_the_darkroom,
          gammafunk_ghost_berserking_beasts, nooodl_orcs_dogs
D:15:     grunt_enter_depths_hoard, layout_long_grid, enter_trove_2,
          serial_shops, shop
Lair:1:   lemuel_reptile_caves, layout_chaotic_city
Lair:2:   gammafunk_worm_tunnel, layout_layer_cave
Lair:3:   layout_cave_pods, minmay_shoals_entry_lonely_mermaid,
          beast_lair_carwin_9, minmay_lair_oklob_chamber, grunt_megastairs_5
Lair:4:   layout_misc_corridors, nicolae_spider_entry_non_spiders, st_stairs_3,
          uniq_nergalle
Lair:5:   pond_and_an_island_with_a_cottage, layout_concentric_octagons,
          slime_dummy, gammafunk_ghost_ooze, enter_volcano_4,
          infiniplex_staircase_pool, serial_bayou_shore_a
Lair:6:   hangedman_lair_tendril_chambers, layout_gridlike
Orc:1:    layout_caves, enter_bailey_5, uniq_snorg, uniq_fannar, uniq_maurice,
          uniq_harold

Skill      XL: |  1  2  3  4  5  6  7  8  9 10 11 12 |
---------------+-------------------------------------+-----
Dodging        | 5 8 7 9 10 11 12 | 12.0
Stealth        | 1 2 3 6 7 10 14 16 | 16.0
Unarmed Combat | 4 5 6 9 10 11 12 15 16 | 16.4
Fighting       | 4 5 |  5.8
Evocations     | 1 2 3 4 |  4.5

Action                   |  1- 3 |  4- 6 |  7- 9 | 10-12 || total
-------------------------+-------+-------+-------+-------++-------
Melee: Unarmed           |    96 |   129 |   295 |   673 ||  1193
       Bite              |    13 |     9 |    24 |    78 ||   124
       Punch             |     1 |     2 |     9 |    38 ||    50
Invok: Berserk           |     5 |     8 |    10 |    31 ||    54
       Trog's Hand       |       |     4 |     4 |     8 ||    16
       Brothers in Arms  |       |       |       |     5 ||     5
Evoke: Wand              |       |     5 |    25 |    18 ||    48
  Use: Scroll            |     2 |     7 |     6 |    12 ||    27
       Potion            |       |     1 |     6 |     3 ||    10
 Stab: Sleeping          |     4 |     2 |     8 |    38 ||    52
       Distracted        |     1 |       |     1 |     5 ||     7
       Paralysed         |       |       |     1 |     1 ||     2
Armor: Skin              |     1 |     7 |     5 |    19 ||    32
Dodge: Dodged            |    58 |   123 |   292 |   471 ||   944
